 BcadrenCrawl: Boulder Brew version 0.04.2-8-g55e6626f09 (webtiles) character file.

Game seed: 11447065391008398109, levelgen mode: deterministic

238 diana the Skirmisher (level 5, 0/52 HPs) Immature Draconian Demigod. Began on Apr 29, 2021. Slain by an adder (2 damage) ... on level 2 of the Dungeon. The game lasted 00:01:36 (773 turns).

diana the Skirmisher (Immature Draconian Demigod)    Turns: 773, Time: 00:01:36

Health: 0/52       AC: -2    Str: 19    XL:     5 ^: 112
Magic:  7/7        EV: 18    Int: 15    God:
Gold:   48         SH:  0    Dex: 13    Spells: 5/6 levels left

rFire    . . .     Vision   .     - Unarmed
rCold    . . .     Gourm    .     - Unarmed
rNeg     . . .     Faith    .   (armour unavailable)
rPois    .         Spirit   .   (helmet restricted)
rElec    .         Reflect  .   (no cloak)
rCorr    .         Harm     .   (no gloves)
MR       .....                  (no boots)
Stlth    ++........             (no amulet)
HPRegen  0.27/turn              d - ring of evasion
MPRegen  0.17/turn              (no ring)

@: corroded
A: no body armour, unfitting armour, high mp 1, cold-blooded, AC +6
a: Breathe Dart


You were on level 2 of the Dungeon.
You were not hungry.

You visited 1 branch of the dungeon, and saw 2 of its levels.

You collected 48 gold pieces.

Inventory:

Jewellery
 d - a ring of evasion (left hand)
Scrolls
 a - a scroll of magic mapping
 c - 2 scrolls of teleportation
 e - a scroll of fog
Potions
 f - a potion of curing
 g - 3 potions of brilliance
 h - a potion of might
Comestibles
 b - a ration


   Skills:
 * Level 5.3 Fighting
 - Level 2.4 Dodging
 - Level 1.3 Stealth
 + Level 3.2 Unarmed Combat
 - Level 1.3 Spellcasting
 - Level 1.5 Fire Magic


You had 5 spell levels left.
You knew the following spells:

 Your Spells              Type           Power        Failure   Level  Hunger
a - Flame Tongue          Fire           5 (30)       13%         1    ##.....

Your spell library contained the following spells:

 Spells                   Type           Power        Failure   Level  Hunger
 Blink                    Tloc           N/A          34%         2    ###....
 Call Imp                 Summ           1 (100)      34%         2    ###....
 Slow                     Hex            1 (100)      34%         2    ###....
 Conjure Flame            Fire           5 (100)      36%         3    ####...
 Mephitic Cloud           Pois/Air       1 (100)      56%         3    ####...


Dungeon Overview and Level Annotations

Branches:
Dungeon (2/8)


Innate Abilities, Weirdness & Mutations

You cannot fit into any form of body armour.
Your plain brown scales are resilient. (AC +6)
You can breathe rudimentary magical darts.
You have an increased reservoir of magic. (+10% MP)
You are cold-blooded and may be slowed by cold attacks.


Message History

You are too injured to fight recklessly!
You are too injured to fight recklessly!
You are too injured to fight recklessly!
You are too injured to fight recklessly!
You are too injured to fight recklessly!
You are too injured to fight recklessly!
You are too injured to fight recklessly!
You are too injured to fight recklessly!
You barely miss the jelly. You hit the jelly but do no damage.
Your hands burn (5).
* * * LOW HITPOINT WARNING * * *
The jelly is heavily wounded. (9/17) HP The jelly hits you (2).
* * * LOW HITPOINT WARNING * * *
You are splashed with acid (10)!
* * * LOW HITPOINT WARNING * * *
Okay, then.
Okay, then.
The adder bites you (2).
You die...

≈≈≈≈.≈.............
#.P≈≈≈≈#†≈)...........
#.P≈≈≈≈##≈.)..........
#≈..≈≈≈###............
#.≈≈≈≈≈##...†.........
#.≈≈≈≈≈#≈...)<†..≈≈≈..
#.≈≈P≈≈#?....†..######
###≈≈≈≈P....#.≈≈..#
#≈.....P@.≈##≈≈#..#
#≈..≈≈J.S.#######≈≈≈
##≈.≈≈PPP.≈.≈≈≈. #≈≈#
##≈≈PZ≈P####### ###
#≈≈≈≈PK #≈≈≈≈PP #≈≈≈≈
#≈≈≈≈ #≈P≈≈


You could see a jelly, an adder and a submerged cinder newt skeleton.

Vanquished Creatures
  A big kobold (D:2)
  A jelly (D:1)
  5 giant cockroaches
  A worm (D:1)
  4 cinder newts
  A leopard gecko (D:1)
  3 goblins (D:1)
  7 hobgoblins (D:1)
  5 kobolds
  7 bats (D:1)
  3 rats (D:1)
38 creatures vanquished.

Vanquished Creatures (others)
  4 withered plants (D:2)
4 creatures vanquished.

Grand Total: 42 creatures vanquished

Notes
Turn   | Place    | Note
-------+----------+-------------------------------------------
     0 | D:1      | diana the Immature Draconian Demigod began the quest for
                  | the Orb.
     0 | D:1      | Reached XP level 1. HP: 18/18 MP: 3/3
    54 | D:1      | Reached skill level 2 in Fighting
    91 | D:1      | Reached XP level 2. HP: 26/26 MP: 4/4
   203 | D:1      | Reached skill level 3 in Fighting
   203 | D:1      | Reached XP level 3. HP: 34/34 MP: 5/5
   376 | D:1      | Reached XP level 4. HP: 44/44 MP: 6/6
   659 | D:2      | Noticed a big kobold
   678 | D:2      | Killed a big kobold
   678 | D:2      | Reached skill level 4 in Fighting
   678 | D:2      | Reached XP level 5. HP: 37/51 MP: 7/7
   743 | D:2      | Reached skill level 5 in Fighting
   772 | D:2      | HP: 2/52 [acid (10)]
   773 | D:2      | Slain by an adder

Levels and vault maps discovered:
D:1:      dpeg_arrival_fog, layout_basic, serial_curves, eino_curves_01,
          eino_curves_01, eino_curves_04, cheibrodos_sewer_entry_bend
D:2:      layout_sewer, gammafunk_temple_overflow_statue, serial_shops,
          nicolae_shop_trees, first_ration, uniq_terence

Skill      XL: |  1  2  3  4  5 |
---------------+----------------+-----
Fighting       | 2 3 4 5 |  5.3
Unarmed Combat | 2 3 |  3.2
Dodging        | |  2.4
Stealth        | |  1.3
Spellcasting   | |  1.3
Fire Magic     | |  1.5

Action                   |  1- 3 |  4- 6 || total
-------------------------+-------+-------++-------
Melee: Unarmed           |    69 |    72 ||   141
       Tailslap          |     5 |     2 ||     7
 Stab: Sleeping          |     3 |     1 ||     4
Armor: Skin              |     4 |     8 ||    12
Dodge: Dodged            |    16 |    37 ||    53
